 Dungeon Crawl Stone Soup version 0.26.1-2-gb8aa6d0cf2 (webtiles) character file.

Game seed: 17033345358862548204

365 inc the Tainter (level 6, 28/28 HPs)
             Began as a Felid Venom Mage on Feb 4, 2021.
             Was a Plaything of Xom.
             Quit the game on level 6 of the Dungeon on Feb 11, 2021.
             The game lasted 00:15:57 (6733 turns).

inc the Tainter (Felid Venom Mage)                  Turns: 6733, Time: 00:15:58

Health: 28/28      AC:  4    Str:  6    XL:     6   Next: 40%
Magic:  10/10      EV: 18    Int: 19    God:    Xom [.*....]
Gold:   244        SH:  0    Dex: 18    Spells: 2/9 levels left
                                        Lives:  0   Deaths: 2

rFire    . . .     SeeInvis +   (weapon unavailable)
rCold    . . .     Faith    .   (shield unavailable)
rNeg     . . .     Spirit   .   (armour unavailable)
rPois    .         Reflect  .   (helmet unavailable)
rElec    .         Harm     .   (cloak unavailable)
rCorr    .         Rampage  .   (gloves unavailable)
Will     .....                  (boots unavailable)
Stlth    +++.......             (no amulet)
HPRegen  0.09/turn              (no ring)
MPRegen  0.12/turn              (no ring)

@: quick
A: very small, no armour, no weapons or thrown items, stealth, claws 1, fangs 3,
thin metallic scales 1, see invisible, agile 1, deterioration 1, speed 1, shaggy
fur 2, strong 1, MP-powered wands, sharp paws
a: Renounce Religion


You were on level 6 of the Dungeon.
You worshipped Xom.
You were a plaything of Xom.
You visited 1 branch of the dungeon, and saw 6 of its levels.

You collected 244 gold pieces.

Inventory:

Jewellery
 q - an uncursed amulet of the acrobat {unknown}
Wands
 f - a wand of digging (5)
 r - a wand of iceblast (12)
Scrolls
 a - 5 scrolls of remove curse
 b - a scroll of identify
 c - 4 scrolls of teleportation {unknown}
 g - 2 scrolls of fear {unknown}
 i - a scroll of magic mapping {unknown}
 j - 2 scrolls of immolation {unknown}
 l - a scroll of noise {unknown}
 p - a scroll of fog {unknown}
 s - a scroll of enchant weapon {unknown}
 t - a scroll of blinking {unknown}
 u - a scroll of amnesia {unknown}
Potions
 d - a potion of attraction
 e - a potion of berserk rage
 h - 2 potions of magic
 o - a potion of lignification
 v - a potion of haste


   Skills:
 + Level 3.8 Fighting
 - Level 2.6 Dodging
 - Level 2.6 Stealth
 - Level 2.0 Spellcasting
 - Level 1.1 Transmutations
 - Level 8.5 Poison Magic


You had 2 spell levels left.
You knew the following spells:

 Your Spells              Type           Power        Failure   Level
a - Sting                 Tmut/Pois      80%          2%          1
b - Poisonous Vapours     Pois/Air       36%          4%          2
c - Olgreb's Toxic Radia  Pois           34%          4%          4

Your spell library contained the following spells:

 Spells                   Type           Power        Failure   Level
 Beastly Appendage        Tmut           12%          11%         1
 Wereblood                Tmut           6%           16%         2
 Animate Skeleton         Necr           2%           17%         1
 Apportation              Tloc           2%           17%         1
 Corona                   Hex            1%           17%         1
 Summon Small Mammal      Summ           4%           17%         1
 Spider Form              Tmut/Pois      10%          7%          3
 Ignite Poison            Fire/Tmut/Pois 14%          14%         3
 Mephitic Cloud           Conj/Pois/Air  12%          16%         3
 Confusing Touch          Hex            1%           45%         3
 Gell's Gravitas          Tloc           0%           45%         3
 Ice Form                 Ice/Tmut       3%           80%         4
 Petrify                  Tmut/Erth      3%           80%         4
 Blade Hands              Tmut           3%           96%         5
 Yara's Violent Unravell  Hex/Tmut       1%           98%         5
 Metabolic Englaciation   Hex/Ice        0%           99%         5


Dungeon Overview and Level Annotations

Branches:
Dungeon (6/15)
 Temple: D:4-7

Altars:
Ashenzari
Cheibriados
Hepliaklqana
Kikubaaqudgha
Okawaru
Trog
Xom
Yredelemnul
Zin
The Shining One

Shops:
D:6 [

Annotations:
D:5 Sigmund


Innate Abilities, Weirdness & Mutations

You cannot wear armour.
You are incapable of wielding weapons or throwing items.
Your paws allow you to move quietly. (Stealth)
You have sharp claws.
You have razor-sharp teeth.
You have supernaturally acute eyesight. (SInv)
You cover ground quickly.
You are covered in thick fur. (AC +2)
Your sharp claws are effective at attacking unaware monsters.
You are partially covered in thin metallic scales. (AC +2)
You are agile. (Dex +2)
Your body sometimes deteriorates upon taking damage.
Your muscles are strong. (Str +2)
You expend magic power (3 MP) to strengthen your wands.


Message History

The centaur skeleton misses you.
You closely miss the orc. The quokka skeleton misses you. The orc misses you.
The centaur skeleton barely misses you.
The orc priest looks encouraged for a moment.
Unknown command.
You catch the helpless orc priest completely off-guard!
You scratch the orc priest.
You kill the orc priest!
The quokka skeleton bites you.
* * * LOW HITPOINT WARNING * * *
The centaur skeleton hits you!
You die...
The orc hits you with a +0 club.
You are now level 6!
Xom thinks this is hilarious!
You rejoin the land of the living...
You see here 17 stones.
There is a hazy altar of Hepliaklqana here.
An orc comes into view. It is wielding a +0 hand axe.
Are you sure you want to abandon this character and quit the game? (Confirm with "yes".)

.) . #. #. ##<.
###...# o......##
#.@### #########
###..## #.......##
##..## #.#####...
####..###.#####...
####.####....##....##
####.....#
##..###.##... #
##.......##
##..##.#.... #
###........#
#......._(.
##..........#
##....#....#


You could see an orc (wandering).

Vanquished Creatures
  3 ogres
  2 bullfrogs (D:6)
  A scorpion (D:4)
  A howler monkey (D:4)
  2 orc priests
  A centaur zombie (D:5)
  Crazy Yiuf (D:2)
  5 orc wizards
  Jessica (D:2)
  An iguana (D:4)
  4 worker ants
  9 adders
  An ufetubus (D:6)
  2 adder skeletons
  A worm (D:2)
  2 dart slugs (D:1)
  4 leopard geckos
  15 orcs
  A ball python (D:2)
  4 giant cockroaches
  7 goblins
  7 hobgoblins
  4 jackals
  A quokka (D:4)
  13 bats
  4 frilled lizards
  8 kobolds
  7 rats
112 creatures vanquished.

Vanquished Creatures (collateral kills)
  An orc wizard (D:6)
  A bullfrog skeleton (D:5)
2 creatures vanquished.

Vanquished Creatures (others)
  A phantom (D:5)
  A centaur zombie (D:6)
  A worker ant (D:5)
  A hound zombie (D:5)
  An orc (D:6)
5 creatures vanquished.

Grand Total: 119 creatures vanquished

Notes
Turn   | Place    | Note
-------+----------+-------------------------------------------
     0 | D:1      | inc the Felid Venom Mage began the quest for the Orb.
     0 | D:1      | Reached XP level 1. HP: 7/7 MP: 4/4
   129 | D:1      | Reached skill level 3 in Poison Magic
   235 | D:1      | Reached XP level 2. HP: 11/11 MP: 4/6
   261 | D:1      | Learned a level 2 spell: Poisonous Vapours
   674 | D:1      | Reached XP level 3. HP: 14/14 MP: 5/7
   750 | D:2      | Reached skill level 4 in Poison Magic
  1207 | D:2      | Found a shimmering altar of Xom.
  1207 | D:2      | Noticed Jessica
  1214 | D:2      | Killed Jessica
  1215 | D:2      | Reached XP level 4. HP: 18/18 MP: 5/8
  1216 | D:2      | Became a worshipper of Xom of Many Doors
  1489 | D:2      | XOM: silly message
  1604 | D:2      | XOM: silly message
  1721 | D:2      | Found a runed translucent door.
  1722 | D:2      | Noticed Crazy Yiuf
  1759 | D:2      | Found a glowing silver altar of Zin.
  1779 | D:2      | Found a bloodstained altar of Trog.
  1955 | D:2      | XOM: divination: magic mapping
  1992 | D:2      | Killed Crazy Yiuf
  1993 | D:2      | Reached skill level 5 in Poison Magic
  2163 | D:3      | XOM: confuse monster(s)
  2174 | D:3      | Reached XP level 5. HP: 21/21 MP: 3/9
  2625 | D:3      | XOM: cloud trail
  2757 | D:3      | Found an iron altar of Okawaru.
  2806 | D:3      | XOM: divination: detect items
  2845 | D:3      | Found a broken altar of Ashenzari.
  3144 | D:3      | XOM: divination: detect creatures
  3496 | D:4      | XOM: noise
  3503 | D:4      | Noticed an ogre
  3511 | D:4      | Reached skill level 6 in Poison Magic
  3537 | D:4      | Killed an ogre
  3538 | D:4      | Gained mutation: You are covered in thick fur. (AC +2)
                  | [Felid growth]
  3538 | D:4      | Reached XP level 6. HP: 20/24 MP: 5/10
  3621 | D:4      | Found a snail-covered altar of Cheibriados.
  3650 | D:4      | XOM: cast spell 'Summon Small Mammal'
  3654 | D:4      | XOM: confusion
  3691 | D:4      | XOM: stat loss: -1 Str (3/4)
  3808 | D:4      | XOM: give mutations
  3808 | D:4      | Gained mutation: Your body sometimes deteriorates upon
                  | taking damage. [Xom's mischief]
  3808 | D:4      | Gained mutation: You are dopey. (Int -2) [Xom's mischief]
  3808 | D:4      | Lost mutation: You are dopey. (Int -2) [Xom's mischief]
  3808 | D:4      | Gained mutation: You are partially covered in thin metallic
                  | scales. (AC +2) [Xom's mischief]
  3882 | D:4      | Found an ancient bone altar of Kikubaaqudgha.
  3930 | D:4      | XOM: summons 3 hostile shadow creatures
  3970 | D:5      | Entered Level 5 of the Dungeon
  4013 | D:3      | XOM: draining
  4079 | D:4      | Reached skill level 7 in Poison Magic
  4156 | D:4      | XOM: scenery: summon butterflies
  4394 | D:4      | XOM: god gift: book of Changes
  4586 | D:4      | XOM is BORED!
  4834 | D:4      | Reached XP level 7. HP: 26/27 MP: 2/11
  4941 | D:4      | Learned a level 4 spell: Olgreb's Toxic Radiance
  5062 | D:5      | XOM: summons friendly shadow imp
  5222 | D:5      | XOM: give mutation
  5222 | D:5      | Gained mutation: You are agile. (Dex +2) [Xom's grace]
  5342 | D:5      | XOM: scenery: create altars
  5373 | D:5      | XOM: draining
  5431 | D:5      | XOM: give mutations
  5431 | D:5      | Gained mutation: Your muscles are strong. (Str +2) [Xom's
                  | grace]
  5431 | D:5      | Gained mutation: You expend magic power (3 MP) to
                  | strengthen your wands. [Xom's grace]
  5457 | D:5      | Reached skill level 8 in Poison Magic
  5486 | D:5      | XOM: summons 4 friendly demons
  5508 | D:5      | Found a glowing golden altar of the Shining One.
  5510 | D:5      | Noticed an angel
  5515 | D:5      | Found a basalt altar of Yredelemnul.
  5517 | D:5      | Noticed a profane servitor
  5639 | D:5      | Noticed Sigmund
  5800 | D:5      | XOM: divine lightning
  5913 | D:6      | Found a hazy altar of Hepliaklqana.
  6011 | D:6      | XOM: butterfly on damage
  6028 | D:6      | Reached skill level 1 in Fighting
  6037 | D:6      | XOM: enchant monster (good)
  6053 | D:6      | Noticed an orb spider
  6053 | D:6      | a black bear changed into an orb spider
  6053 | D:6      | XOM: polymorph black bear -> orb spider
  6061 | D:6      | Blown up by an orb spider
  6062 | D:6      | Reached XP level 6. HP: -12/26 MP: 1/10
  6113 | D:6      | Upgraded the game from 0.26.0-10-g1f06aea511 to
                  | 0.26.1-2-gb8aa6d0cf2
  6140 | D:6      | XOM: cleaving
  6148 | D:6      | XOM: divination: detect items
  6189 | D:6      | Reached XP level 7. HP: 4/30 MP: 8/11
  6365 | D:6      | XOM: cloud trail
  6449 | D:6      | XOM: summons 7 friendly demons
  6467 | D:6      | XOM: summons 2 hostile demons
  6673 | D:6      | XOM: summons 3 hostile shadow creatures
  6678 | D:6      | Found Kiphuc Ynilu's Antique Armour Shop.
  6703 | D:6      | Slain by a centaur skeleton
  6704 | D:6      | Reached XP level 6. HP: -4/28 MP: 3/10
  6733 | D:6      | Quit the game

Illustrated notes

Levels and vault maps discovered:
D:1:      lemuel_arrival_cross, layout_basic
D:2:      layout_basic, zin_statuary, lemuel_round_altar, lemuel_round_altar,
          uniq_crazy_yiuf_cottage, uniq_jessica
D:3:      layout_loops_corners, old_standard_altar, okawaru_gym_becter, hex_tiny
D:4:      layout_rooms, kiku_gazebo_pond_becter, cheibriados_altar_1,
          kennysheep_potato
D:5:      cheibrodos_barr_body, layout_rooms, grunt_temple_overflow_holy_war,
          uniq_sigmund
D:6:      layout_cave_pods, nicolae_overflow_crystal_walls,
          minmay_temple_entry_fiery, serial_shops, shop, minmay_strange_pillars

Skill      XL: |  1  2  3  4  5  6  7 |
---------------+----------------------+-----
Poison Magic   | 3 4 5 6 7 8 |  8.5
Fighting       | 2 3 |  3.8
Dodging        | |  2.6
Stealth        | |  2.6
Spellcasting   | |  2.0
Transmutations | |  1.1

Action                   |  1- 3 |  4- 6 |  7- 9 || total
-------------------------+-------+-------+-------++-------
Melee: Unarmed           |       |    49 |    33 ||    82
       Bite              |       |     4 |     1 ||     5
 Cast: Sting             |    51 |   110 |    30 ||   191
       Poisonous Vapours |     1 |     9 |    15 ||    25
       Olgreb's Toxic Ra |       |       |     4 ||     4
  Use: Scroll            |       |     1 |     6 ||     7
       Potion            |       |       |     5 ||     5
 Stab: Distracted        |       |       |     1 ||     1
       Invisible         |       |       |     1 ||     1
       Sleeping          |       |       |     1 ||     1
Armor: Skin              |     2 |     9 |    12 ||    23
Dodge: Dodged            |    22 |    88 |    98 ||   208
